| TOP OF THE 1ST |
|
Cincinnati Reds batting - Pitching for Arizona Diamondbacks : RHP Tong-myeon Moon
|
|
Pitching: RHP Tong-myeon Moon
|
|
|
Batting: RHB Willie Lazcano
|
0-0: Fly out, F8 (Flyball, 89S, EV 88.1 MPH)
|
|
Batting: SHB Dave Barefoot
|
0-0: Called Strike 0-1: Called Strike 0-2: Foul Ball, location: 2F 0-2: Foul Ball, location: 2F 0-2: Ground out 4-3 (Groundball, 34D, EV 104.4 MPH)
|
|
Batting: SHB Saulo Maina
|
0-0: Called Strike 0-1: Ball 1-1: Ball 2-1: Ball 3-1: Foul Ball, location: 2F 3-2: Ground out U3 (Groundball, 34, EV 82.5 MPH)
|
| Top of the 1st over - 0 runs, 0 hits, 0 errors, 0 left on base; Cincinnati 0 - Arizona 0 |
| BOTTOM OF THE 1ST |
|
Arizona Diamondbacks batting - Pitching for Cincinnati Reds : RHP Bryce Schimmoeller
|
|
Pitching: RHP Bryce Schimmoeller
|
|
|
Batting: LHB Roy Steigerwald
|
0-0: Ball 1-0: Foul Ball, location: 2F 1-1: Ground out U3 (Groundball, 13, EV 91.2 MPH)
|
|
Batting: RHB Katilimomi Kelekolio
|
0-0: SOLO HOME RUN (Flyball, 9LD, EV 98.8 MPH), Distance : 357 ft
|
|
Batting: LHB Eric Klasek
|
0-0: Foul Ball, location: 2F 0-1: Ball 1-1: Ground out 4-3 (Groundball, 4, EV 108.8 MPH)
|
|
Batting: SHB Alec Thorpe
|
0-0: Ball 1-0: Fly out, F7 (Flyball, 7S, EV 87.5 MPH)
|
| Bottom of the 1st over - 1 run, 1 hit, 0 errors, 0 left on base; Cincinnati 0 - Arizona 1 |
| TOP OF THE 2ND |
|
Cincinnati Reds batting - Pitching for Arizona Diamondbacks : RHP Tong-myeon Moon
|
|
Batting: LHB Jon Ledesma
|
0-0: Ball 1-0: DOUBLE (Line Drive, 3D, EV 100.0 MPH)
|
|
Batting: RHB Fred Slade
|
0-0: Ball 1-0: Ball 2-0: Ground out 5-3 (Groundball, 56, EV 98.8 MPH)
|
|
Batting: LHB Chris Grunwald
|
0-0: Ball 1-0: Ball 2-0: Called Strike 2-1: Called Strike 2-2: Foul Ball, location: 2F 2-2: Foul Ball, location: 2F 2-2: Ball 3-2: Ground out U3 (Groundball, 34S, EV 63.8 MPH) Jon Ledesma to third
|
|
Batting: LHB Antonio Figueroa
|
0-0: Swinging Strike 0-1: Ball 1-1: SINGLE (Groundball, P, EV 83.1 MPH) (infield hit) Jon Ledesma scores
|
|
Batting: RHB Joseph Kirchmann
|
0-0: Ball 1-0: Swinging Strike 1-1: Foul Ball, location: 2F 1-2: Strikes out swinging
|
| Top of the 2nd over - 1 run, 2 hits, 0 errors, 1 left on base; Cincinnati 1 - Arizona 1 |
| BOTTOM OF THE 2ND |
|
Arizona Diamondbacks batting - Pitching for Cincinnati Reds : RHP Bryce Schimmoeller
|
|
Batting: RHB David Price Jr.
|
0-0: Swinging Strike 0-1: Called Strike 0-2: Ground out U3 (Groundball, 34, EV 109.4 MPH)
|
|
Batting: RHB Andy Swaim
|
0-0: Called Strike 0-1: Foul Ball, location: 2F 0-2: Ball 1-2: Ball 2-2: Strikes out swinging
|
|
Batting: SHB Salvador Aragon
|
0-0: Foul Ball, location: 2F 0-1: Foul Ball, location: 2F 0-2: Ground out 1-3 (Groundball, 34S, EV 68.8 MPH)
|
| Bottom of the 2nd over - 0 runs, 0 hits, 0 errors, 0 left on base; Cincinnati 1 - Arizona 1 |
| TOP OF THE 3RD |
|
Cincinnati Reds batting - Pitching for Arizona Diamondbacks : RHP Tong-myeon Moon
|
|
Batting: RHB Omar Quintana
|
0-0: Ball 1-0: Ball 2-0: Ball 3-0: Called Strike 3-1: Called Strike 3-2: Foul Ball, location: 2F 3-2: Strikes out swinging
|
|
Batting: RHB Willie Lazcano
|
0-0: Ground out U3 (Groundball, 34, EV 83.8 MPH)
|
|
Batting: SHB Dave Barefoot
|
0-0: Swinging Strike 0-1: Swinging Strike 0-2: Strikes out swinging
|
| Top of the 3rd over - 0 runs, 0 hits, 0 errors, 0 left on base; Cincinnati 1 - Arizona 1 |
| BOTTOM OF THE 3RD |
|
Arizona Diamondbacks batting - Pitching for Cincinnati Reds : RHP Bryce Schimmoeller
|
|
Batting: SHB Warren Eisner
|
0-0: Called Strike 0-1: Called Strike 0-2: Strikes out swinging
|
|
Batting: LHB Jeff Densmore
|
0-0: Ball 1-0: Called Strike 1-1: Ball 2-1: Foul Ball, location: 2F 2-2: Fly out, F5 (Popup, 25F, EV 88.8 MPH)
|
|
Batting: LHB Roy Steigerwald
|
0-0: Ball 1-0: Ball 2-0: Ball 3-0: Called Strike 3-1: Base on Balls
|
|
Batting: RHB Katilimomi Kelekolio
|
0-0: Ball Roy Steigerwald is caught stealing 2nd base 2-4
|
| Bottom of the 3rd over - 0 runs, 0 hits, 0 errors, 0 left on base; Cincinnati 1 - Arizona 1 |
| TOP OF THE 4TH |
|
Cincinnati Reds batting - Pitching for Arizona Diamondbacks : RHP Tong-myeon Moon
|
|
Batting: SHB Saulo Maina
|
0-0: DOUBLE (Flyball, 89D, EV 90.0 MPH)
|
|
Batting: LHB Jon Ledesma
|
0-0: Fly out, F9 (Flyball, 9LS, EV 89.4 MPH)
|
|
Batting: RHB Fred Slade
|
0-0: Called Strike 0-1: Foul Ball, location: 2F 0-2: Strikes out swinging
|
|
Batting: LHB Chris Grunwald
|
0-0: Called Strike 0-1: Called Strike 0-2: Ball Wild Pitch! Saulo Maina to third 1-2: Ground out 6-3 (Groundball, 6S, EV 66.2 MPH)
|
| Top of the 4th over - 0 runs, 1 hit, 0 errors, 1 left on base; Cincinnati 1 - Arizona 1 |
| BOTTOM OF THE 4TH |
|
Arizona Diamondbacks batting - Pitching for Cincinnati Reds : RHP Bryce Schimmoeller
|
|
Batting: RHB Katilimomi Kelekolio
|
0-0: Called Strike 0-1: Ball 1-1: Called Strike 1-2: Ball 2-2: Ball 3-2: Base on Balls
|
|
Batting: LHB Eric Klasek
|
0-0: Ball 1-0: Ball 2-0: Fly out, F8 (Flyball, 8RD, EV 89.4 MPH)
|
|
Batting: SHB Alec Thorpe
|
0-0: Called Strike 0-1: Ball 1-1: Called Strike 1-2: Strikes out swinging Katilimomi Kelekolio is caught stealing 2nd base 2-6 Batter strikes out.
|
| Bottom of the 4th over - 0 runs, 0 hits, 0 errors, 0 left on base; Cincinnati 1 - Arizona 1 |
| TOP OF THE 5TH |
|
Cincinnati Reds batting - Pitching for Arizona Diamondbacks : RHP Tong-myeon Moon
|
|
Batting: LHB Antonio Figueroa
|
0-0: Called Strike 0-1: Foul Ball, location: 2F 0-2: Strikes out swinging
|
|
Batting: RHB Joseph Kirchmann
|
0-0: Called Strike 0-1: Swinging Strike 0-2: Foul Ball, location: 2F 0-2: SOLO HOME RUN (Flyball, 78XD, EV 108.1 MPH), Distance : 403 ft
|
|
Batting: RHB Omar Quintana
|
0-0: Called Strike 0-1: Ball 1-1: Foul Ball, location: 2F 1-2: Strikes out swinging
|
|
Batting: RHB Willie Lazcano
|
0-0: Ball 1-0: Called Strike 1-1: Ball 2-1: Called Strike 2-2: DOUBLE (Flyball, 89XD, EV 109.4 MPH)
|
|
Batting: SHB Dave Barefoot
|
0-0: Ball 1-0: Ball 2-0: Ball 3-0: Called Strike 3-1: Base on Balls
|
|
Batting: SHB Saulo Maina
|
0-0: Called Strike 0-1: Ball 1-1: Ball 2-1: Foul Ball, location: 2F 2-2: Ball 3-2: Foul Ball, location: 2F 3-2: Strikes out swinging
|
| Top of the 5th over - 1 run, 2 hits, 0 errors, 2 left on base; Cincinnati 2 - Arizona 1 |
| BOTTOM OF THE 5TH |
|
Arizona Diamondbacks batting - Pitching for Cincinnati Reds : RHP Bryce Schimmoeller
|
|
Batting: RHB David Price Jr.
|
0-0: Ball 1-0: Ball 2-0: Called Strike 2-1: Foul Ball, location: 2F 2-2: Fly out, F9 (Flyball, 89D, EV 91.9 MPH)
|
|
Batting: RHB Andy Swaim
|
0-0: Ball 1-0: Swinging Strike 1-1: Swinging Strike 1-2: Strikes out swinging
|
|
Batting: SHB Salvador Aragon
|
0-0: Foul Ball, location: 2F 0-1: Ground out 5-3 (Groundball, 56S, EV 90.0 MPH)
|
| Bottom of the 5th over - 0 runs, 0 hits, 0 errors, 0 left on base; Cincinnati 2 - Arizona 1 |
| TOP OF THE 6TH |
|
Cincinnati Reds batting - Pitching for Arizona Diamondbacks : RHP Tong-myeon Moon
|
|
Batting: LHB Jon Ledesma
|
0-0: Called Strike 0-1: Swinging Strike 0-2: Ball 1-2: Ball 2-2: DOUBLE (Line Drive, 9LM, EV 98.8 MPH)
|
|
Batting: RHB Fred Slade
|
0-0: Ball 1-0: Ball 2-0: Called Strike 2-1: Fly out, F6 (Popup, 6M, EV 79.4 MPH)
|
|
Batting: LHB Chris Grunwald
|
0-0: Fly out, F9 (Flyball, 9S, EV 70.6 MPH)
|
|
Batting: LHB Antonio Figueroa
|
0-0: Ball 1-0: Ground out 6-3 (Groundball, 6, EV 88.8 MPH)
|
| Top of the 6th over - 0 runs, 1 hit, 0 errors, 1 left on base; Cincinnati 2 - Arizona 1 |
| BOTTOM OF THE 6TH |
|
Arizona Diamondbacks batting - Pitching for Cincinnati Reds : RHP Bryce Schimmoeller
|
|
Batting: SHB Warren Eisner
|
0-0: Foul Ball, location: 2F 0-1: Hit by Pitch
|
|
Batting: LHB Jeff Densmore
|
0-0: Ball 1-0: Grounds into double play, 4-6-3 (Groundball, 4, EV 88.8 MPH)
|
|
Batting: LHB Roy Steigerwald
|
0-0: Called Strike 0-1: Ball 1-1: Called Strike 1-2: Ball 2-2: Foul Ball, location: 2F 2-2: Strikes out looking
|
| Bottom of the 6th over - 0 runs, 0 hits, 0 errors, 0 left on base; Cincinnati 2 - Arizona 1 |
| TOP OF THE 7TH |
|
Cincinnati Reds batting - Pitching for Arizona Diamondbacks : RHP Tong-myeon Moon
|
|
Batting: RHB Joseph Kirchmann
|
0-0: Called Strike 0-1: Foul Ball, location: 2F 0-2: Ball 1-2: Ball 2-2: Foul Ball, location: 2F 2-2: Fly out, F5 (Flyball, 56D, EV 90.0 MPH)
|
|
Batting: RHB Omar Quintana
|
0-0: Ball 1-0: DOUBLE (Line Drive, 9LD, EV 110.6 MPH)
|
|
Pitching: LHP Mario Valdivia
|
|
|
Batting: RHB Willie Lazcano
|
0-0: Ball 1-0: Ball 2-0: Called Strike 2-1: Ground out U3 (Groundball, 3, EV 110.0 MPH) Omar Quintana to third
|
|
Batting: SHB Dave Barefoot
|
0-0: Called Strike 0-1: Foul Ball, location: 2F 0-2: DOUBLE (Flyball, 89XD, EV 114.4 MPH) Omar Quintana scores
|
|
Batting: SHB Saulo Maina
|
0-0: Ball 1-0: Called Strike 1-1: Foul Ball, location: 2F 1-2: Strikes out swinging
|
| Top of the 7th over - 1 run, 2 hits, 0 errors, 1 left on base; Cincinnati 3 - Arizona 1 |
| BOTTOM OF THE 7TH |
|
Arizona Diamondbacks batting - Pitching for Cincinnati Reds : RHP Bryce Schimmoeller
|
|
Batting: RHB Katilimomi Kelekolio
|
0-0: Called Strike 0-1: Ball 1-1: Fly out, F9 (Flyball, 9D, EV 99.4 MPH)
|
|
Batting: LHB Eric Klasek
|
0-0: Called Strike 0-1: Ball 1-1: SOLO HOME RUN (Flyball, 7LD, EV 93.8 MPH), Distance : 337 ft
|
|
Batting: SHB Alec Thorpe
|
0-0: Ball 1-0: Ball 2-0: Called Strike 2-1: Foul Ball, location: 2F 2-2: Fly out, F8 (Line Drive, 8RD, EV 94.4 MPH)
|
|
Batting: RHB David Price Jr.
|
0-0: Called Strike 0-1: Foul Ball, location: 2F 0-2: Ground out 6-3 (Groundball, 6, EV 78.8 MPH)
|
| Bottom of the 7th over - 1 run, 1 hit, 0 errors, 0 left on base; Cincinnati 3 - Arizona 2 |
| TOP OF THE 8TH |
|
Cincinnati Reds batting - Pitching for Arizona Diamondbacks : LHP Mario Valdivia
|
|
Batting: LHB Jon Ledesma
|
0-0: Ball 1-0: Ball 2-0: Ball 3-0: Called Strike 3-1: Swinging Strike 3-2: Strikes out looking
|
|
Batting: RHB Fred Slade
|
0-0: Called Strike 0-1: Foul Ball, location: 2F 0-2: Foul Ball, location: 2F 0-2: Strikes out swinging, 2-3 out at first.
|
|
Batting: LHB Chris Grunwald
|
0-0: Ball 1-0: Foul Ball, location: 2F 1-1: Swinging Strike 1-2: Fly out, F9 (Flyball, 9LS, EV 95.6 MPH)
|
| Top of the 8th over - 0 runs, 0 hits, 0 errors, 0 left on base; Cincinnati 3 - Arizona 2 |
| BOTTOM OF THE 8TH |
|
Arizona Diamondbacks batting - Pitching for Cincinnati Reds : RHP Bryce Schimmoeller
|
|
Batting: RHB Andy Swaim
|
0-0: Swinging Strike 0-1: Ball 1-1: Foul Ball, location: 2F 1-2: Ball 2-2: Foul Ball, location: 2F 2-2: Ground out 6-3 (Groundball, 6, EV 107.5 MPH)
|
|
Batting: SHB Salvador Aragon
|
0-0: Foul Ball, location: 2F 0-1: Hit by Pitch
|
|
Batting: SHB Warren Eisner
|
0-0: SINGLE (Line Drive, 8RS, EV 95.0 MPH) Salvador Aragon to second Runner from 2nd tries for 3rd, SAFE, throw by CF made to third
|
|
Batting: LHB Jeff Densmore
|
0-0: Foul Ball, location: 2F 0-1: Ball 1-1: Foul Ball, location: 2F 1-2: Foul Ball, location: 2F 1-2: Foul Ball, location: 2F 1-2: Foul Ball, location: 2F 1-2: Fly out, F8 (Flyball, 8LD, EV 81.9 MPH) Runner from 3rd tags up, SCORES, throw by CF
|
|
Batting: LHB Roy Steigerwald
|
0-0: Swinging Strike 0-1: Called Strike 0-2: Ball 1-2: Strikes out swinging
|
| Bottom of the 8th over - 1 run, 1 hit, 0 errors, 1 left on base; Cincinnati 3 - Arizona 3 |
| TOP OF THE 9TH |
|
Cincinnati Reds batting - Pitching for Arizona Diamondbacks : LHP Mario Valdivia
|
|
Pitching: LHP Chris Baran
|
|
|
Batting: LHB Antonio Figueroa
|
0-0: Called Strike 0-1: Foul Ball, location: 2F 0-2: Ball 1-2: DOUBLE (Flyball, 89D, EV 108.8 MPH)
|
|
Batting: RHB Joseph Kirchmann
|
0-0: Called Strike 0-1: Ball 1-1: Ball 2-1: Swinging Strike 2-2: Strikes out swinging
|
|
Batting: RHB Omar Quintana
|
0-0: Ball 1-0: Foul Ball, location: 2F 1-1: Swinging Strike 1-2: Strikes out swinging, 2-3 out at first.
|
|
Batting: RHB Willie Lazcano
|
0-0: Called Strike 0-1: Ball 1-1: Ball 2-1: Called Strike 2-2: Foul Ball, location: 2F 2-2: Foul Ball, location: 2F 2-2: Ball Wild Pitch! Antonio Figueroa to third 3-2: Base on Balls
|
|
Batting: SHB Dave Barefoot
|
0-0: Called Strike 0-1: Reached on error, E6 (Groundball, 56, EV 101.2 MPH) Antonio Figueroa scores Willie Lazcano to second
|
|
Batting: SHB Saulo Maina
|
0-0: Called Strike 0-1: Fly out, F7 (Line Drive, 7S, EV 93.1 MPH)
|
| Top of the 9th over - 1 run, 1 hit, 1 error, 2 left on base; Cincinnati 4 - Arizona 3 |
| BOTTOM OF THE 9TH |
|
Arizona Diamondbacks batting - Pitching for Cincinnati Reds : RHP Bryce Schimmoeller
|
|
Pitching: RHP Juan Barroso
|
|
|
Now at C: Andy Arbuckle
|
|
|
Now at 1B: Saulo Maina
|
|
|
Now at 2B: Dave Barefoot
|
|
|
Now at SS: Casey Truax
|
|
|
Batting: RHB Katilimomi Kelekolio
|
0-0: Called Strike 0-1: Fly out, F8 (Flyball, 8LM, EV 89.4 MPH)
|
|
Batting: LHB Eric Klasek
|
0-0: Swinging Strike 0-1: SINGLE (Line Drive, 78M, EV 105.0 MPH)
|
|
Batting: SHB Alec Thorpe
|
0-0: Foul Ball, location: 2F 0-1: Grounds into double play, 4-6-3 (Groundball, 4, EV 90.0 MPH)
|
| Bottom of the 9th over - 0 runs, 1 hit, 0 errors, 0 left on base; Cincinnati 4 - Arizona 3 |
|